 Dungeon Crawl Stone Soup version 0.30.0-29-ga12c61a403 (webtiles) character file.

Game seed: 1220275792244153620

41 Graphine the Trooper (level 3, 0/33 HPs)
             Began as a Hill Orc Fighter on June 20, 2023.
             Succumbed to an adder's poison
             ... on level 2 of the Dungeon.
             The game lasted 00:01:12 (861 turns).

Graphine the Trooper (Hill Orc Fighter)              Turns: 861, Time: 00:01:13

Health: 0/33       AC:  6    Str: 20    XL:     3   Next: 52%
Magic:  4/4        EV:  9    Int:  8    God:
Gold:   100        SH:  4    Dex: 10    Spells: 2/2 levels left

rFire   . . .        a - +0 war axe
rCold   . . .        c - +0 buckler
rNeg    . . .        b - +0 scale mail
rPois   .            (no helmet)
rElec   .            (no cloak)
rCorr   .            (no gloves)
SInv    .            (no boots)
Will    .....        (no amulet) Stlth
                     (no ring)
HPRegen 0.25/turn    (no ring)
MPRegen 0.09/turn

%: no passive effects
@: mighty, lethally poisoned (0 -> -3)
A: no striking features
a: no special abilities


You were on level 2 of the Dungeon.
You visited 1 branch of the dungeon, and saw 2 of its levels.

You collected 100 gold pieces.

Inventory:

Hand Weapons
 a - a +0 war axe (weapon)
Armour
 b - a +0 scale mail (worn)
 c - a +0 buckler (worn)
Jewellery
 h - an amulet of faith
Scrolls
 e - a scroll of poison {unknown}
 f - a scroll of identify {unknown}
 g - 2 scrolls of immolation {unknown}
 i - a scroll of enchant weapon {unknown}


   Skills:
 + Level 4.0 Fighting
 + Level 3.3 Axes
 + Level 3.6 Armour
 + Level 3.6 Shields
 + Level 1.6 Invocations


You had 2 spell levels left.
You didn't know any spells.
Your spell library was empty.

Dungeon Overview and Level Annotations

Branches:
Dungeon (2/15)

Altars:


Message History

Press: ? - help, Dir - move target, f/p - adder
Aim: an adder (moderately wounded, about 65% to evade your +0 war axe)
You barely miss the adder.
The adder is moderately wounded.
You slash the kobold!
You kill the kobold!
You feel very sick.
The adder bites you but does no damage. x2
Cleave: a) +0 war axe
Press: ? - help, Dir - move target, f/p - adder
Aim: an adder (moderately wounded, about 65% to evade your +0 war axe)
You completely miss the adder.
The adder is moderately wounded.
You feel sick. The adder bites you but does no damage.
The adder closely misses you.
Cleave: a) +0 war axe
Press: ? - help, Dir - move target, f/p - adder
Aim: an adder (moderately wounded, about 65% to evade your +0 war axe)
You barely miss the adder.
The adder is moderately wounded.
You feel sick. The adder bites you but does no damage. The adder bites you.
* * * LOW HITPOINT WARNING * * *
You are lethally poisoned!
The adder poisons you!
Cleave: a) +0 war axe
Press: ? - help, Dir - move target, f/p - adder
Aim: an adder (moderately wounded, about 65% to evade your +0 war axe)
You hit the adder.
The adder is heavily wounded.
* * * LOW HITPOINT WARNING * * *
You feel sick. The adder barely misses you. You block the adder's attack.
You feel very mighty all of a sudden.
* * * LOW HITPOINT WARNING * * *
You feel sick. The adder barely misses you.
Cleave: a) +0 war axe
Press: ? - help, Dir - move target, f/p - adder
Aim: an adder (heavily wounded, about 65% to evade your +0 war axe)
You miss the adder.
The adder is heavily wounded.
You die...

#. ## ##.. ##. #.. #.#
#.. ###.. . #.# #....
... ## #.# #.#..
....###.###.## #.#.#
...#..)#.....#######.#.#
#⌠.8S@#...............
##..8.##...#######.#.#
#∩#...###.## #.#.#
..#_#⌠#. #.# #.... .
..### # #.# ###.. .8.
#.# ### #.. #.# .# #.


You could see an adder.

Vanquished Creatures
  An adder (D:2)
  3 ball pythons (D:1)
  3 bats (D:1)
  4 endoplasms
  A giant cockroach (D:1)
  6 goblins
  2 hobgoblins (D:2)
  A frilled lizard (D:2)
  3 kobolds
  6 rats
30 creatures vanquished.

Notes
Turn   | Place    | Note
-------+----------+-------------------------------------------
     0 | D:1      | Graphine the Hill Orc Fighter began the quest for the Orb.
     0 | D:1      | Reached XP level 1. HP: 19/19 MP: 1/1
    90 | D:1      | Reached XP level 2. HP: 23/27 MP: 2/2
   180 | D:1      | Reached skill level 1 in Invocations
   507 | D:1      | Reached XP level 3. HP: 27/33 MP: 3/3
   707 | D:2      | Reached skill level 4 in Fighting
   842 | D:2      | Found a faded altar of an unknown god.
   860 | D:2      | HP: 1/33 [poisoned by an adder]
   861 | D:2      | Succumbed to an adder's poison

Illustrated notes

Levels and vault maps discovered:
D:1:      lemuel_arrival_cross, layout_basic, hangedman_decor_lopped
D:2:      layout_loops_corners, shapermc_ecumenical_altar_venn,
          minmay_misc_feat_square, corexii_leaking_fountain

Skill      XL: |  1  2  3 |
---------------+----------+-----
Axes           | 3 |  3.3
Invocations    | 1 |  1.6
Fighting       | 4 |  4.0
Armour         | |  3.6
Shields        | |  3.6

Action                     || total
---------------------------++-------
  Melee: War axe           ||    80
    Use: Potion            ||     1
 Armour: Scale mail        ||    37
  Dodge: Dodged            ||    45
  Block: Buckler           ||    11
